AoeStats
← Johsebass

Yucatan

503226403Analyzed
2v2 RM · 1mo ago on Aug 30, 2026· 54m 4s· 4 players
Game mode
Random Map
Map size
Medium (4 player)
Population
200
Speed
Normal
Resources
Standard
Victory
Conquest
Starting age
Dark Age
Ending age
Imperial Age
RankedLock teamsTeams togetherTeam positionsShared explorationLock speedFull tech treeHidden civsTurbo modeCheats
Victory
Defeat
🇦🇷 Britons · Argentina
905
+18
🇦🇷 Byzantines · Argentina
848
+20
🇳🇴 Britons · Norway
944
-19
🇳🇴 Vikings · Norway
941
-19
osmevoll
8:05 Loom
10:17 Feudal Age
10:50 Double-Bit Axe
20:07 Castle Age
20:39 Fletching
20:22 Crossbowman
21:33 Bodkin Arrow
22:54 Bow Saw
22:38 Heated Shot
23:12 Ballistics
23:42 Wheelbarrow
23:20 Padded Archer Armor
25:17 Leather Archer Armor
41:14 Hand Cart
46:57 Imperial Age
48:29 Imperial Age
47:57 Stone Mining
50:18 Yeomen
49:48 Arbalester
50:51 Gold Mining
Johsebass
11:26 Feudal Age
12:30 Loom
16:01 Castle Age
15:40 Gold Mining
16:48 Scale Mail Armor
16:34 Man-at-Arms
18:05 Forging
19:53 Long Swordsman
21:17 Gold Shaft Mining
20:33 Stone Mining
22:27 Double-Bit Axe
26:04 Crossbowman
26:31 Gambesons
28:52 Pikeman
34:57 Horse Collar
37:39 Town Watch
40:47 Imperial Age
39:09 Iron Casting
38:25 Fletching
38:37 Padded Archer Armor
39:02 Chain Mail Armor
38:53 Heavy Plow
39:09 Bow Saw
39:44 Town Patrol
39:20 Elite Skirmisher
40:24 Bodkin Arrow
40:49 Squires
40:35 Arson
41:10 Chieftains
41:17 Treadmill Crane
41:33 Murder Holes
41:48 Fortified Wall
41:59 Ballistics
41:49 Masonry
42:26 Crop Rotation
43:03 Two-Man Saw
42:56 Conscription
43:11 Hoardings
43:10 Elite Berserk
43:43 Arbalester
44:41 Bogsveigar
49:00 Hoardings
49:32 Blast Furnace
49:03 Plate Mail Armor
48:33 Bracer
48:48 Leather Archer Armor
48:46 Elite Skirmisher
VerGoTTA
14:29 Feudal Age
14:55 Man-at-Arms
18:25 Double-Bit Axe
22:31 Castle Age
21:46 Scale Barding Armor
21:53 Horse Collar
26:48 Gold Mining
27:46 Husbandry
27:43 Stone Mining
30:10 Chain Barding Armor
37:49 Imperial Age
36:55 Light Cavalry
39:52 Conscription
40:25 Cavalier
47:27 Fletching
47:05 Elite Skirmisher
47:50 Thumb Ring
48:47 Bodkin Arrow
PaaaaatroN
0:27 Loom
10:26 Feudal Age
11:20 Double-Bit Axe
15:39 Wheelbarrow
19:25 Castle Age
18:35 Horse Collar
20:51 Bow Saw
22:05 Man-at-Arms
28:21 Fletching
28:31 Padded Archer Armor
28:43 Town Watch
29:16 Hand Cart
29:58 Bodkin Arrow
37:28 Imperial Age
39:02 Hoardings
43:51 Chemistry
43:23 Ballistics
45:20 Elite Longbowman
47:15 Yeomen
47:57 Warwolf
49:13 Bracer
49:28 Leather Archer Armor
53:32 Ring Archer Armor
53:14 Forging
53:04 Scale Mail Armor
Connection lost

Rejoining the realm…

Still unreachable

The connection could not be restored.

Session expired

The server has moved on; the page needs a fresh start.